 Dungeon Crawl Stone Soup version 0.20.0-10-g0535bb4 (console) character file.

195 bli the Digger (level 5, -4/38 HPs)
             Began as a Draconian Earth Elementalist on June 3, 2017.
             Slain by an ogre
             ... wielding a cursed -1 giant spiked club
              (30 damage)
             ... on level 4 of the Dungeon.
             The game lasted 00:20:27 (2712 turns).

bli the Digger (Draconian Earth Elementalist)       Turns: 2712, Time: 00:20:27

Health: -4/38      AC:  5    Str: 10    XL:     5   Next: 45%
Magic:  0/10       EV: 12    Int: 16    God:
Gold:   170        SH:  0    Dex: 12    Spells: 5/11 levels left

rFire    . . .     SeeInvis .   (no weapon)
rCold    . . .     Gourm    .   (no shield)
rNeg     . . .     Faith    .   (armour unavailable)
rPois    .         Spirit   .   (helmet restricted)
rElec    .         Reflect  .   (no cloak)
rCorr    .         Harm     .   (no gloves)
MR       .....                  (no boots)
Stlth    ++........             (no amulet)
Regen    0.2/turn               (no ring)
MPRegen  0.2/turn               (no ring)

@: no status effects
A: unfitting armour, cold-blooded, AC +5
a: no special abilities


You were on level 4 of the Dungeon.
You were hungry.

You visited 1 branch of the dungeon, and saw 4 of its levels.

You collected 170 gold pieces.

Inventory:

Hand Weapons
 g - a +0 spear
Missiles
 l - 14 tomahawks (quivered)
 m - 2 javelins
 q - 2 throwing nets
Wands
 B - a wand of flame (14/48)
Scrolls
 b - 2 scrolls of teleportation
 e - 4 scrolls of identify
 k - a scroll of magic mapping {unknown}
 n - a scroll of enchant armour {unknown}
 p - a scroll of remove curse
 r - 3 scrolls of random uselessness
 v - a scroll of amnesia {unknown}
 x - a scroll of immolation {unknown}
 y - a scroll of fear {unknown}
 C - a scroll of noise {unknown}
Potions
 f - a potion of heal wounds {unknown}
 h - 2 potions of brilliance {unknown}
 j - a potion of flight {unknown}
 o - a potion of lignification {unknown}
 s - a potion of might {unknown}
 t - 2 potions of mutation {unknown}
 A - a potion of curing {unknown}
Books
 d - a book of Geomancy

   Spells                             Type                      Level
   a - Sandblast                      Earth                        1
   b - Passwall                       Transmutation/Earth          2
   c - Stone Arrow                    Conjuration/Earth            3
   d - Petrify                        Transmutation/Earth          4
   e - Lee's Rapid Deconstruction     Earth                        5
Comestibles
 c - 5 bread rations
 i - 3 royal jellies
 u - a meat ration
 w - 4 fruits


   Skills:
 + Level 0.2 Fighting
 + Level 2.3 Dodging
 + Level 2.0 Stealth
 + Level 0.8 Unarmed Combat
 * Level 3.7 Spellcasting
 + Level 1.0 Transmutations
 + Level 4.4 Earth Magic


You had 5 spell levels left.
You knew the following spells:

 Your Spells              Type           Power        Failure   Level  Hunger
a - Stone Arrow           Conj/Erth      ##....       21%         3    ###....
b - Sandblast             Erth           ###...       2%          1    None
W - Passwall              Tmut/Erth      ##........   9%          2    ##.....


Dungeon Overview and Level Annotations

Branches:
Dungeon (4/15)
 Temple: D:4-7

Altars:
Dithmenos
Yredelemnul
The Shining One

Shops:
D:4 *

Portals:
Sewer: D:4


Innate Abilities, Weirdness & Mutations

Your plain brown scales are hard. (AC +5)
You cannot fit into any form of body armour.
You are cold-blooded and may be slowed by cold attacks.


Message History

You don't have enough magic to cast that spell.
Unknown command.
All of the chunks of flesh in your inventory have rotted away.
You hit the ogre but do no damage.
The ogre is heavily wounded.
The ogre hits you with a giant spiked club.
You hit the ogre but do no damage. You tail-slap the ogre.
The ogre is heavily wounded.
You hit the ogre.
The ogre is severely wounded.
The ogre misses you.
Casting: Stone Arrow
Confirm with . or Enter, or press ? or * to list all spells.
Aiming: Stone Arrow
Press: ? - help, Shift-Dir - straight line, f/p - ogre
Aim: an ogre, wielding a giant spiked club (severely wounded)
The stone arrow misses the ogre.
The ogre hits you with a giant spiked club!!
Ouch! That really hurt!
You die...

#...## #.).#####.≈≈..
#...#######.........≈≈≈≈
#...................≈≈..
#...........)#####.≈≈.≈
### #..........###
#.##≈≈ #.## #..........#
#.##≈≈ ##.#
###...##.....# #.....
#.###...####......#
#...## #.....###
#...#...# #..## ##.#.)##
#..###..## #..#
#.....### #@.# #..##
...# #.##....#####O##
#..##..##
######....##..#
##......# ####.....#
##...#..## ###..##
##..### ... ##.####.###
. ##.#..## #...## #####


You could see an ogre.

Vanquished Creatures
  A hound (D:4)
  An orc wizard (D:4)
  A howler monkey skeleton (D:4)
  6 adders
  An ooze (D:2)
  2 worms (D:3)
  A dart slug (D:1)
  2 leopard geckos
  6 bats
  6 giant cockroaches
  7 goblins
  6 hobgoblins
  6 jackals (D:1)
  A quokka (D:4)
  A ball python (D:4)
  4 frilled lizards
  6 kobolds
  7 rats
65 creatures vanquished.

Notes
Turn   | Place    | Note
-------+----------+-------------------------------------------
     0 | D:1      | bli the Draconian Earth Elementalist began the quest for the Orb.
     0 | D:1      | Reached XP level 1. HP: 14/14 MP: 3/3
   139 | D:1      | Reached XP level 2. HP: 20/20 MP: 1/5
   727 | D:1      | Reached XP level 3. HP: 19/26 MP: 1/6
   856 | D:2      | Found a basalt altar of Yredelemnul.
  1155 | D:2      | Found a glowing golden altar of the Shining One.
  1224 | D:2      | Found a shadowy altar of Dithmenos.
  1242 | D:2      | Reached skill level 4 in Earth Magic
  1825 | D:3      | Reached XP level 4. HP: 33/33 MP: 4/8
  2412 | D:4      | Reached XP level 5. HP: 15/38 MP: 7/10
  2446 | D:4      | Found a glowing drain.
  2488 | D:4      | Noticed an ogre
  2495 | D:4      | Learned a level 2 spell: Passwall
  2516 | D:4      | Found Laly's Assorted Antiques.
  2546 | D:4      | Learned a level 3 spell: Stone Arrow
  2712 | D:4      | Slain by an ogre

Skill      XL: |  1  2  3  4 |
---------------+-------------+-----
Dodging        | 2 |  2.3
Earth Magic    | 4 |  4.4
Stealth        | 2 |  2.0
Spellcasting   | 3 |  3.7
Fighting       | |  0.2
Unarmed Combat | |  0.8
Transmutations | |  1.0

Action                   |  1- 3 |  4- 6 || total
-------------------------+-------+-------++-------
Melee: Unarmed           |    61 |    96 ||   157
       Tailslap          |     5 |     6 ||    11
 Cast: Sandblast         |    37 |    28 ||    65
       Stone Arrow       |       |     5 ||     5
  Use: Scroll            |       |     3 ||     3
 Stab: Sleeping          |     1 |       ||     1
  Eat: Chunk             |     3 |     3 ||     6
Armor: Skin              |    30 |    33 ||    63
Dodge: Dodged            |    54 |    65 ||   119
